 Dungeon Crawl Stone Soup version 0.24.0-13-gcf9b3192b9 (webtiles) character file.

Game seed: 5776600703918821333, levelgen mode: deterministic

1811 Delamore the Cleaver (level 9, -5/103 (105) HPs)
             Began as a Hill Orc Fighter on Nov 9, 2019.
             Was a Follower of Qazlal.
             Slain by an orc warrior
             ... wielding a +0 trident
              (12 damage)
             ... on level 7 of the Dungeon.
             The game lasted 00:09:32 (5060 turns).

Delamore the Cleaver (Hill Orc Fighter)             Turns: 5060, Time: 00:09:33

HP:   -5/103 (105)  AC: 24    Str: 22    XL:     9   Next: 10%
MP:   9/9           EV:  2    Int:  8    God:    Qazlal [*.....]
Gold: 312           SH:  8    Dex: 10    Spells: 8/8 levels left

rFire    . . .     SeeInvis .   F - +2 hand axe (freeze)
rCold    . . .     Gourm    .   v - +2 buckler
rNeg     + + +     Faith    .   (armour currently unavailable)
rPois    +         Spirit   .   (helmet currently unavailable)
rElec    .         Reflect  .   (cloak currently unavailable)
rCorr    .         Harm     .   (gloves currently unavailable)
MR       .....     NoTele   +   (boots currently unavailable)
Stlth    +.........             (no amulet)
HPRegen  0.27/turn              (no ring)
MPRegen  0.11/turn              (no ring)

@: tree-form, glowing, lightly drained
A: no striking features
a: Renounce Religion


You were on level 7 of the Dungeon.
You worshipped Qazlal.
Qazlal was aware of your devotion.
You were not hungry.
You were a tree.
You visited 2 branches of the dungeon, and saw 8 of its levels.

You collected 312 gold pieces.

Inventory:

Hand Weapons
 y - a +1 broad axe
 D - a +5 dire flail
 E - a cursed +2 war axe
 F - a +2 hand axe of freezing (weapon)
Missiles
 m - 52 poisoned darts (quivered)
Armour
 b - a +0 scale mail (melded)
 u - a +1 helmet (melded)
 v - a +2 buckler (worn)
 w - a +2 cloak (melded)
Jewellery
 n - a +3 ring of strength {unknown}
 C - an uncursed ring of see invisible {unknown}
Wands
 s - a wand of random effects (15)
 x - a wand of acid (11)
 B - a wand of clouds (5)
Scrolls
 c - 2 scrolls of magic mapping {unknown}
 e - 2 scrolls of fog {unknown}
 h - 2 scrolls of enchant weapon
 j - 3 scrolls of enchant armour
 l - 4 scrolls of identify
 o - a scroll of remove curse
 p - a scroll of immolation {unknown}
 q - 2 scrolls of teleportation {unknown}
 t - a scroll of fear {unknown}
Potions
 d - 3 potions of might
 g - 2 potions of agility
 k - a potion of degeneration
 r - a potion of curing
 z - a potion of resistance {unknown}
Comestibles
 f - 13 rations
 A - 2 chunks of flesh


   Skills:
 - Level 3.6(3.5) Fighting
 + Level 14.1(14.0) Axes
 - Level 0.1(0.0) Throwing
 - Level 3.2(3.1) Armour
 - Level 1.4(1.3) Stealth
 - Level 3.2(3.1) Shields


You had 8 spell levels left.
You didn't know any spells.
Your spell library contained the following spells:

 Spells                   Type           Power        Failure   Level  Hunger
 Animate Skeleton         Necr           N/A          43%         1    ##.....
 Magic Dart               Conj           #...         43%         1    ##.....
 Pain                     Necr           #...         43%         1    ##.....
 Blink                    Tloc           N/A          58%         2    ###....
 Call Imp                 Summ           #.......     58%         2    ###....
 Slow                     Hex            #.......     58%         2    ###....
 Conjure Flame            Conj/Fire      #.......     82%         3    ####...
 Mephitic Cloud           Conj/Pois/Air  #.......     82%         3    ####...
 Regeneration             Chrm/Necr      #.........   82%         3    ####...
 Vampiric Draining        Necr           #.........   82%         3    ####...
 Animate Dead             Necr           N/A          99%         4    #####..


Dungeon Overview and Level Annotations

Branches:
Dungeon (7/15)             Temple (1/1) D:4

Altars:
Ashenzari
Cheibriados
Dithmenos
Gozag
Hepliaklqana
Kikubaaqudgha
Makhleb
Nemelex Xobeh
Okawaru
Qazlal
Ru
Sif Muna
Trog
Wu Jian
Xom
Yredelemnul
Zin
The Shining One

Annotations:
D:7 Dowan, Duvessa


Message History

You closely miss the orc warrior.
The orc warrior hits you with a +0 trident!
* * * LOW HITPOINT WARNING * * *
You turn into a tree.
Your +2 cloak melds into your body.
Your +1 helmet melds into your body.
Your +0 scale mail melds into your body.
Your roots penetrate the ground.
Dowan gestures at Duvessa while chanting.
Duvessa seems to speed up.
Duvessa hits you but does no damage.
You hit Duvessa. You freeze Duvessa.
Duvessa is almost dead.
You hit the orc warrior. You freeze the orc warrior.
Duvessa hits you but does no damage.
The orc warrior hits you with a +0 trident.
* * * LOW HITPOINT WARNING * * *
You hit Duvessa but do no damage.
Duvessa is almost dead.
You barely miss the orc warrior. You block Duvessa's attack.
The orc warrior hits you with a +0 trident!
You die...

#.# ### ### #.# ... ..#
#.# #.# ..# #.# #.# ..#
#.# #.# ..
#.###########.### .#
..............†.##.####..
....#..#######).♣ee......
#...#..### #.o##.##....
.........# .......o.. .
##..#..#.##.##......#..
##..#..#)## ....#..# #..
.........# #....#... .
##.......# #..#####.#
#........# #.. .#
#........#


You could see Duvessa, an orc warrior and Dowan.

Vanquished Creatures
  Sigmund (D:4)
  Edmund (D:4)
  A black bear (D:6)
  An ogre (D:5)
  A sky beast (D:6)
  A necrophage (D:7)
  A centaur (D:5)
  5 wights (D:7)
  4 killer bees (D:6)
  4 howler monkeys
  2 bullfrog zombies
  A quasit (D:7)
  An orc priest (D:5)
  A hound (D:5)
  2 orc wizards (D:5)
  Crazy Yiuf (D:4)
  An iguana (D:7)
  A worker ant (D:6)
  A worker ant zombie (D:6)
  4 adders
  4 gnolls (D:2)
  9 river rats (D:6)
  An ooze (D:2)
  An adder zombie (D:6)
  An adder skeleton (D:7)
  3 worms
  A dart slug (D:1)
  7 leopard geckos
  6 orcs
  3 giant cockroaches
  8 goblins
  7 hobgoblins
  15 jackals
  7 quokkas
  8 bats
  A frilled lizard (D:1)
  A giant cockroach zombie (D:6)
  A jackal zombie (D:5)
  7 kobolds
  A quokka zombie (D:5)
  11 rats
138 creatures vanquished.

Notes
Turn   | Place    | Note
-------+----------+-------------------------------------------
     0 | D:1      | Delamore the Hill Orc Fighter began the quest for the Orb.
     0 | D:1      | Reached XP level 1. HP: 19/19 MP: 1/1
    81 | D:1      | Reached skill level 3 in Axes
   125 | D:1      | Reached XP level 2. HP: 21/26 MP: 2/2
   129 | D:1      | Reached skill level 4 in Axes
   301 | D:1      | Reached XP level 3. HP: 29/31 MP: 3/3
   534 | D:2      | Reached skill level 5 in Axes
   628 | D:2      | Reached XP level 4. HP: 17/39 MP: 4/4
   815 | D:2      | Reached skill level 6 in Axes
  1020 | D:2      | Reached XP level 5. HP: 43/45 MP: 5/5
  1028 | D:2      | Found a sparkling altar of Nemelex Xobeh.
  1137 | D:2      | Found a shattered altar of Ashenzari.
  1308 | D:2      | Found a sparkling altar of Nemelex Xobeh.
  1367 | D:3      | Reached skill level 7 in Axes
  1717 | D:3      | Found an ornate altar of the Wu Jian Council.
  1730 | D:3      | Found a shadowy altar of Dithmenos.
  2043 | D:4      | Found a hazy altar of Hepliaklqana.
  2195 | D:4      | Found a glowing golden altar of the Shining One.
  2384 | D:4      | Noticed Edmund
  2395 | D:4      | Killed Edmund
  2395 | D:4      | Reached skill level 8 in Axes
  2395 | D:4      | Reached XP level 6. HP: 38/51 MP: 6/6
  2410 | D:4      | Found a staircase to the Ecumenical Temple.
  2561 | Temple   | Entered the Ecumenical Temple
  2763 | Temple   | Became a worshipper of Qazlal Stormbringer
  3056 | D:4      | Noticed Sigmund
  3066 | D:4      | Killed Sigmund
  3066 | D:4      | Reached skill level 9 in Axes
  3066 | D:4      | Reached skill level 1 in Stealth
  3163 | D:4      | Found a runed translucent door.
  3164 | D:4      | Noticed Crazy Yiuf
  3210 | D:4      | Reached XP level 7. HP: 56/57 MP: 7/7
  3293 | D:4      | Killed Crazy Yiuf
  3345 | D:5      | Entered Level 5 of the Dungeon
  3349 | D:5      | Reached skill level 10 in Axes
  3372 | D:5      | Found a shimmering altar of Xom.
  3794 | D:5      | Found a burning altar of Makhleb.
  3835 | D:5      | Reached skill level 11 in Axes
  3898 | D:6      | Reached XP level 8. HP: 58/64 MP: 8/8
  4002 | D:6      | Reached skill level 12 in Axes
  4319 | D:6      | Reached * piety under Qazlal
  4474 | D:6      | Reached skill level 13 in Axes
  4855 | D:7      | Found a shimmering blue altar of Sif Muna.
  4965 | D:7      | Reached XP level 9. HP: 61/69 MP: 9/9
  4971 | D:7      | Reached skill level 14 in Axes
  5037 | D:7      | Noticed Dowan
  5041 | D:7      | Noticed Duvessa
  5060 | D:7      | Slain by an orc warrior

Levels and vault maps discovered:
D:1:      nzn_arrival_crosshair, layout_basic, serial_bayou_pond_e
D:2:      layout_rooms, nicolae_ashenzari_panopticon,
          nemelex_xobeh_ov_fountains_minmay, nemelex_dance_club_becter
D:3:      layout_basic, lemuel_doored_altar, grunt_dithmenos_smoke_and_mirrors
D:4:      layout_layer_cave, overflow_temple_1_default, old_standard_altar,
          minmay_temple_entry_waves, uniq_sigmund, uniq_edmund,
          uniq_crazy_yiuf_cottage
D:5:      layout_loops_ring, kennysheep_little_box, first_ration,
          makhleb_heckhound_becter
D:6:      lemuel_ratsnest, layout_cave_pools
D:7:      layout_loops_ring, lemuel_crystal_altar, lemuel_round_altar,
          uniq_duvessa
Temple:   chequers_temple_sunken

Skill      XL: |  1  2  3  4  5  6  7  8  9 |
---------------+----------------------------+-----
Axes           | 3 4 5 6 8 9 11 13 14 | 14.1
Stealth        | 1 |  1.4
Fighting       | |  3.6
Throwing       | |  0.1
Armour         | |  3.2
Shields        | |  3.2

Action                   |  1- 3 |  4- 6 |  7- 9 || total
-------------------------+-------+-------+-------++-------
Melee: War axe           |    87 |   133 |   246 ||   466
       Hand axe          |       |       |    24 ||    24
Throw: Dart              |       |       |     2 ||     2
  Use: Scroll            |       |       |     6 ||     6
       Potion            |       |       |     2 ||     2
  Eat: Chunk             |       |     6 |     8 ||    14
Armor: Scale mail        |    42 |    45 |   102 ||   189
       Skin              |       |       |     2 ||     2
Dodge: Dodged            |    28 |    39 |    84 ||   151
Block: Shield            |    55 |    65 |    68 ||   188
       Buckler           |       |       |    38 ||    38
